 Dungeon Crawl Stone Soup version 0.31-b1-22-gc680215f68 (webtiles) character file.

Game seed: 12665706708527555250

21 Destinykillz the Trooper (level 2, -1/32 (33) HPs)
             Began as an Oni Berserker on Jan 19, 2024.
             Was a Follower of Trog.
             Succumbed to an adder's poison
             ... on level 2 of the Dungeon.
             The game lasted 00:01:14 (1078 turns).

Destinykillz the Trooper (Oni Berserker)            Turns: 1078, Time: 00:01:15

HP:   -1/32 (33)    AC:  3    Str: 20    XL:     2   Next: 83%
MP:   2/2           EV: 10    Int:  8    God:    Trog [*.....]
Gold: 32            SH:  0    Dex:  8    Spells: 1/1 levels left

rFire   . . .        a - +0 mace
rCold   . . .        (no shield)
rNeg    . . .        b - +0 animal skin
rPois   .            (helmet restricted)
rElec   .            (no cloak)
rCorr   .            (gloves unavailable)
SInv    .            (boots unavailable)
Will    .....        (no amulet)
Stlth   +            (no ring)
HPRegen 0.25/turn    (no ring)
MPRegen 0.08/turn

%: no passive effects
@: lethally poisoned (-1 -> -4), lightly drained
A: large, unfitting armour, horns 1, tough skin 1, double potion healing,
drunken brawling
a: Renounce Religion, Berserk


You were on level 2 of the Dungeon.
You worshipped Trog.
Trog was aware of your devotion.
You visited 1 branch of the dungeon, and saw 2 of its levels.

You collected 32 gold pieces.

Inventory:

Hand Weapons
 a - a +0 mace (weapon)
Armour
 b - a +0 animal skin (worn)
Scrolls
 c - 4 scrolls of identify {unknown}
 f - a scroll of fog {unknown}
 g - a scroll of teleportation {unknown}
Potions
 d - a potion of attraction {unknown}
 e - a potion of invisibility {unknown}


   Skills:
 + Level 4.5 Fighting
 + Level 3.3 Maces & Flails
 + Level 3.0 Dodging


You had one spell level left.
You didn't know any spells.
Your spell library was empty.

Dungeon Overview and Level Annotations

Branches:
Dungeon (2/15)

Altars:


Innate Abilities, Weirdness & Mutations

You are too large for most types of armour.
You have a pair of small horns on your head.
You have tough skin. (AC +1)
You gain doubled healing and magic from potions.
Whenever you drink a healing potion, you attack all around you.


Message History

The adder barely misses you.
You barely miss the adder.
The adder is heavily wounded.
The adder bites you.
You are poisoned.
The adder poisons you! The adder bites you.
You are more poisoned.
The adder poisons you!
You completely miss the adder. Your headbutt misses the adder.
The adder is heavily wounded.
You feel very sick. The adder bites you. The adder barely misses you.
You are too injured to fight recklessly!
You are too injured to fight recklessly!
You closely miss the adder. Your headbutt misses the adder.
The adder is heavily wounded.
You feel sick. The adder bites you.
You miss the adder. Your headbutt misses the adder.
The adder is heavily wounded.
You feel sick. The adder barely misses you. The adder bites you.
* * * LOW HITPOINT WARNING * * *
You are lethally poisoned!
The adder poisons you!
You miss the adder. Your headbutt misses the adder.
The adder is heavily wounded.
* * * LOW HITPOINT WARNING * * *
You feel very sick. The adder barely misses you.
You barely miss the adder.
The adder is heavily wounded.
* * * LOW HITPOINT WARNING * * *
You feel sick. The adder bites you but does no damage. The adder bites you.
* * * LOW HITPOINT WARNING * * *
You closely miss the adder. Your headbutt misses the adder.
The adder is heavily wounded.
* * * LOW HITPOINT WARNING * * *
You feel sick. The adder misses you. The adder bites you but does no damage.
You barely miss the adder. You headbutt the adder.
The adder is almost dead.
You die...

#... #... ##..$.
...... . ......#
...
$......######...#
.#............#..
......S@.<.......
.################


You could see an adder.

Vanquished Creatures
  A dart slug (D:1)
  An endoplasm (D:1)
  A giant cockroach (D:1)
  2 goblins (D:1)
  2 hobgoblins (D:1)
  4 jackals (D:1)
  A quokka (D:1)
  2 frilled lizards (D:1)
  2 rats (D:1)
16 creatures vanquished.

Notes
Turn   | Place    | Note
-------+----------+-------------------------------------------
     0 | D:1      | Destinykillz the Oni Berserker began the quest for the Orb.
     0 | D:1      | Reached XP level 1. HP: 24/24 MP: 1/1
   123 | D:1      | Reached XP level 2. HP: 32/32 MP: 2/2
  1077 | D:2      | HP: 1/32 [poisoned by an adder]
  1078 | D:2      | Succumbed to an adder's poison

Illustrated notes

Levels and vault maps discovered:
D:1:      minmay_arrival_solitary_statue, layout_basic
D:2:      layout_rooms, chequers_ecumenical_altar_island

Skill      XL: |  1  2 |
---------------+-------+-----
Dodging        | 3 |  3.0
Fighting       | |  4.5
Maces & Flails | |  3.3

Action                     || total
---------------------------++-------
  Melee: Mace              ||    38
         Headbutt          ||     4
 Armour: Animal skin       ||    18
  Dodge: Dodged            ||    17
